 Dungeon Crawl Stone Soup version 0.26-a0-651-gb41185065b (webtiles) character file.

Game seed: 14838640092058575897

3545 Flugslaktarn the Cleaver (level 9, 27/86 HPs)
             Began as a Deep Dwarf Fighter on Oct 6, 2020.
             Was a Believer of Makhleb.
             Quit the game on level 8 of the Dungeon.
             The game lasted 00:02:54 (3641 turns).

Flugslaktarn the Cleaver (Deep Dwarf Fighter)       Turns: 3641, Time: 00:02:55

Health: 27/86      AC: 11    Str: 24    XL:     9   Next: 83%
Magic:  7/7        EV:  6    Int:  8    God:    Makhleb [**....]
Gold:   0          SH: 11    Dex: 12    Spells: 8/8 levels left

rFire    . . .     SeeInvis .   a - +0 war axe
rCold    . . .     Faith    .   c - +0 kite shield
rNeg     . . .     Spirit   .   o - +1 chain mail
rPois    .         Reflect  .   (no helmet)
rElec    .         Harm     .   (no cloak)
rCorr    .         Rampage  .   (no gloves)
MR       +....                  (no boots)
Stlth    ..........             (no amulet)
HPRegen  0.00/turn              s - ring of flight
MPRegen  0.10/turn              (no ring)

@: quite poisoned (27 -> 16), non-regenerating
A: damage resistance, heal wounds, sense surroundings 2, no regeneration
a: Heal Wounds, Minor Destruction, Renounce Religion, Evoke Flight


You were on level 8 of the Dungeon.
You worshipped Makhleb.
Makhleb was pleased with you.
You visited 2 branches of the dungeon, and saw 9 of its levels.

Inventory:

Hand Weapons
 a - a +0 war axe (weapon)
Armour
 b - a +0 scale mail
 c - a +0 kite shield (worn)
 o - a +1 chain mail (worn)
   (You found it on level 3 of the Dungeon)
Jewellery
 s - a ring of flight (left hand)
   (You found it on level 3 of the Dungeon)
Scrolls
 f - 2 scrolls of fog
 i - a scroll of enchant armour
 m - a scroll of magic mapping
 r - 2 scrolls of identify
 t - 3 scrolls of teleportation
 x - a scroll of remove curse
 z - a scroll of blinking
Potions
 d - a potion of might
 e - 4 potions of stabbing
 j - a potion of brilliance
 l - a potion of degeneration
 n - 5 potions of lignification
 q - 3 potions of curing
 w - 4 potions of heal wounds


   Skills:
 * Level 7.5 Fighting
 * Level 8.8 Axes
 + Level 6.7 Armour
 + Level 6.7 Shields
 + Level 6.2 Invocations


You had 8 spell levels left.
You didn't know any spells.
Your spell library was empty.

Dungeon Overview and Level Annotations

Branches:
Dungeon (8/15)             Temple (1/1) D:4
   Lair: D:8-11

Altars:
Ashenzari
Cheibriados
Dithmenos
Elyvilon
Fedhas
Gozag
Hepliaklqana
Kikubaaqudgha
Makhleb
Nemelex Xobeh
Okawaru
Qazlal
Ru
Sif Muna
Trog
Uskayaw
Wu Jian
Xom
Yredelemnul
Zin
The Shining One

Annotations:
D:7 2 runed translucent doors, dtynewydd's ghost, novice DrTm
D:8 Maurice


Innate Abilities, Weirdness & Mutations

You are resistant to damage.
You can heal yourself by infusing magical energy.
You passively map the area around you.
You do not regenerate.


Message History

Makhleb accepts your kill.
You closely miss the killer bee. You slash something!
Makhleb accepts your kill.
You feel better.
Reactivating autopickup.
You feel a bit more experienced.
The killer bee stings you but does no damage. x2
The killer bee stings you.
You are more poisoned.
The killer bee poisons you!
You closely miss the killer bee.
The killer bee is moderately wounded.
You closely miss the orc.
Your chain mail prevents you from hitting the ogre.
You feel sick. The killer bee stings you.
You are more poisoned.
The killer bee poisons you!
The ogre hits you with a +0 giant club!!
The orc hits you with a +0 hand axe. You block the killer bee's attack.
Are you sure you want to abandon this character and quit the game? (Confirm with "yes".)

*, ##* * #. #####.## , ,
# . ....# .. * .##. #..#
########.## , ,, ... #y@#
#.....##<.. , , , #..#oO#
#.........# ,
#..#..######.....# #.# ,
...#.......#...>....###.#
, ,
......)....#.#......#...#
*
...#.#.......#...#..#.#<.
,
,..>.#......?..#'#..#....
* ###
#.....###.....(#.... * ,
#.....+........#....


You could see an ogre, a killer bee and an orc.

Vanquished Creatures
  A two-headed ogre (D:8)
  A hippogriff (D:7)
  A spriggan (D:7)
  Eustachio (D:5)
  An ice beast (D:6)
  2 sky beasts
  3 orc warriors
  A black bear (D:7)
  A phantom (D:8)
  6 centaurs
  A big kobold (D:7)
  A wyvern skeleton (D:7)
  A scorpion (D:6)
  3 killer bees (D:8)
  3 wights (D:7)
  A howler monkey (D:8)
  2 jellies
  3 orc priests
  4 hounds
  7 orc wizards
  Ijyb (D:3)
  2 iguanas
  4 worker ants
  A hound skeleton (D:8)
  4 adders
  A shadow imp (D:8)
  3 white imps
  An ufetubus (D:8)
  An ooze (D:1)
  An adder skeleton (D:4)
  4 worms
  2 dart slugs
  4 leopard geckos
  16 orcs
  3 giant cockroaches
  3 goblins
  5 hobgoblins
  8 jackals
  3 quokkas
  A ball python (D:4)
  3 bats
  2 frilled lizards
  8 kobolds
  A leopard gecko skeleton (D:4)
  A quokka skeleton (D:8)
  6 rats
133 creatures vanquished.

Vanquished Creatures (others)
  An orc (D:8)
1 creature vanquished.

Grand Total: 134 creatures vanquished

Notes
Turn   | Place    | Note
-------+----------+-------------------------------------------
     0 | D:1      | Flugslaktarn the Deep Dwarf Fighter began the quest for the
                  | Orb.
     0 | D:1      | Reached XP level 1. HP: 20/20 MP: 1/1
    34 | D:1      | Reached XP level 2. HP: 27/27 MP: 2/2
   137 | D:2      | Found a snail-covered altar of Cheibriados.
   282 | D:2      | Reached XP level 3. HP: 20/34 MP: 3/3
   296 | D:2      | Reached skill level 3 in Axes
   387 | D:3      | Reached XP level 4. HP: 38/42 MP: 4/4
   481 | D:3      | Noticed Ijyb
   487 | D:3      | Killed Ijyb
   639 | D:3      | Found a shadowy altar of Dithmenos.
   656 | D:3      | Found an opulent altar of Gozag.
   699 | D:4      | Reached XP level 5. HP: 46/50 MP: 5/5
   716 | D:4      | Reached skill level 4 in Axes
   843 | D:4      | Found a staircase to the Ecumenical Temple.
   874 | D:4      | Found a hide-covered altar of Uskayaw.
   907 | Temple   | Entered the Ecumenical Temple
  1109 | Temple   | Became a worshipper of Makhleb the Destroyer
  1420 | D:5      | Entered Level 5 of the Dungeon
  1438 | D:5      | Reached XP level 6. HP: 54/57 MP: 6/6
  1545 | D:5      | Reached skill level 1 in Invocations
  1551 | D:5      | Noticed a sky beast
  1577 | D:5      | Killed a sky beast
  1577 | D:5      | Reached skill level 5 in Axes
  1606 | D:5      | Noticed Eustachio
  1632 | D:5      | Killed Eustachio
  1632 | D:5      | Reached XP level 7. HP: 52/66 MP: 7/7
  1661 | D:5      | Reached skill level 5 in Fighting
  1772 | D:5      | Noticed an angel
  1773 | D:5      | Found a glowing silver altar of Zin.
  1814 | D:5      | Found an iron altar of Okawaru.
  1923 | D:6      | Found a stormy altar of Qazlal.
  1926 | D:6      | Found a blossoming altar of Fedhas.
  1970 | D:6      | Reached skill level 5 in Shields
  2023 | D:6      | Reached skill level 6 in Axes
  2023 | D:6      | Reached skill level 5 in Armour
  2069 | D:6      | Reached XP level 8. HP: 46/74 MP: 9/9
  2427 | D:7      | Found a large runed translucent door.
  2427 | D:7      | Found a large runed translucent door.
  2560 | D:7      | Found a broken altar of Ashenzari.
  2583 | D:7      | Noticed a hippogriff
  2598 | D:7      | Killed a hippogriff
  2628 | D:7      | Reached * piety under Makhleb
  2706 | D:7      | Reached skill level 7 in Axes
  2942 | D:7      | Gained mutation: You passively map the area around you.
                  | [Deep Dwarf growth]
  2942 | D:7      | Reached XP level 9. HP: 72/84 MP: 9/9
  3103 | D:7      | Reached skill level 5 in Invocations
  3159 | D:7      | Noticed dtynewydd's ghost (novice DrTm)
  3365 | D:8      | Noticed Maurice
  3457 | D:8      | Reached skill level 8 in Axes
  3487 | D:8      | Noticed a two-headed ogre
  3503 | D:8      | Killed a two-headed ogre
  3503 | D:8      | Reached ** piety under Makhleb
  3641 | D:8      | Quit the game

Illustrated notes

Levels and vault maps discovered:
D:1:      dpeg_arrival_pits, layout_basic, serial_bayou, serial_bayou_pond_b,
          serial_bayou_pond_d, serial_bayou_ford_a, serial_bayou_pond_a,
          serial_bayou_lagoon_a
D:2:      layout_rooms, cheibriados_altar_1, vehumet_crystals,
          minmay_small_reverse_x
D:3:      layout_rooms, grunt_dithmenos_smoke, lemuel_doored_altar, uniq_ijyb
D:4:      layout_cave_pools, eat_drink_and_be_merry_uskayaw,
          minmay_temple_entry_metal_lava
D:5:      layout_cave_pools, zin_angel, kennysheep_mini_moat, uniq_eustachio
D:6:      layout_rooms, grunt_temple_overflow_forces_of_nature
D:7:      layout_gridville, nicolae_overflow_crystal_walls,
          ebering_ghost_disaster_area, the_bakery
D:8:      layout_basic, uniq_maurice
Temple:   minmay_temple_bridge_abc

Skill      XL: |  1  2  3  4  5  6  7  8  9 |
---------------+----------------------------+-----
Fighting       | 3 4 5 6 7 |  7.5
Axes           | 3 4 5 6 7 8 |  8.8
Shields        | 4 5 6 |  6.7
Armour         | 4 5 6 |  6.7
Invocations    | 2 3 4 6 |  6.2

Action                   |  1- 3 |  4- 6 |  7- 9 || total
-------------------------+-------+-------+-------++-------
Melee: War axe           |    99 |   165 |   312 ||   576
 Abil: Heal Wounds       |     1 |     4 |    19 ||    24
  Use: Scroll            |       |    14 |     3 ||    17
       Potion            |       |       |     2 ||     2
 Stab: Invisible         |       |       |     7 ||     7
Armor: Scale mail        |    34 |       |       ||    34
       Chain mail        |       |   134 |   220 ||   354
Dodge: Dodged            |    25 |    55 |   105 ||   185
Block: Kite shield       |    49 |   121 |   221 ||   391

Table legend: (Time is in decaauts)
 A = Elapsed time spent in this place.
 B = Non-inter-level travel time spent in this place.
 C = Inter-level travel time spent in this place.
 D = Time resting spent in this place.
 E = Time spent auto-exploring this place.
 F = Levels seen in this place.
 G = Mean time per level.
                   A        B        C        D        E       F      G
               +--------+--------+--------+--------+--------+-----+--------+
         Total |   3810 |   3659 |    151 |      0 |   2481 |   9 |  423.3 |
       Dungeon |   3587 |   3466 |    121 |      0 |   2289 |   8 |  448.4 |
        Temple |    223 |    194 |     29 |      0 |    192 |   1 |  223.0 |
               +--------+--------+--------+--------+--------+-----+--------+

Top non-repeatable levels by time:
     D:7: 941 daAuts
     D:4: 545 daAuts
     D:5: 535 daAuts
     D:6: 514 daAuts
     D:3: 337 daAuts
     D:8: 323 daAuts
     D:2: 250 daAuts
  Temple: 223 daAuts
     D:1: 138 daAuts
